NCAA
KENTUCKY WILDCATS @ OKLAHOMA STATE COWBOYS
04/09/2023
 
TOP OF THE 1ST
Kentucky Wildcats batting - Pitching for Oklahoma State Cowboys : RHP Dawson Piper
Pitching: RHP Dawson Piper
Batting: LHB Myles Hay 0-0: Ball
1-0: Called Strike
1-1: Ball
2-1: Ball
3-1: Foul Ball, location: 2F
3-2: Foul Ball, location: 2F
3-2: Ground out 4-3 (Groundball, 34)
Batting: RHB Frank Maxwell 0-0: Ball
1-0: Swinging Strike
1-1: SINGLE (Groundball, 6M)
Batting: RHB Phil Kennedy 0-0: Called Strike
0-1: Ball
1-1: Fly out, F4 (Popup, 34D)
Batting: LHB Karl Hill 0-0: 2-RUN HOME RUN (Flyball, 8RXD), Distance : 382 ft
Batting: RHB Phil McJannett 0-0: Ball
1-0: Foul Ball, location: 2F
1-1: SINGLE (Groundball, 4MD)
Batting: RHB Brian Gamble 0-0: Called Strike
0-1: Swinging Strike
0-2: Foul Ball, location: 2F
0-2: Ball
1-2: Ground out 3-1 (Groundball, 34)
Top of the 1st over - 2 run(s), 3 hit(s), 0 error(s), 1 left on base; Kentucky 2 - Oklahoma State 0
BOTTOM OF THE 1ST
Oklahoma State Cowboys batting - Pitching for Kentucky Wildcats : LHP Alberto Jiménez
Pitching: LHP Alberto Jiménez
Batting: RHB Mark Hart 0-0: Called Strike
0-1: Foul Ball, location: 2F
0-2: Foul Ball, location: 2F
0-2: Ball
1-2: Strikes out swinging
Batting: RHB Mike Johnson 0-0: Fly out, F9 (Flyball, 89M)
Batting: RHB Roberto García 0-0: Fly out, F7 (Flyball, 7M)
Bottom of the 1st over - 0 run(s), 0 hit(s), 0 error(s), 0 left on base; Kentucky 2 - Oklahoma State 0
TOP OF THE 2ND
Kentucky Wildcats batting - Pitching for Oklahoma State Cowboys : RHP Dawson Piper
Batting: RHB Ricky White 0-0: Called Strike
0-1: Foul Ball, location: 2F
0-2: Ball
1-2: SINGLE (Flyball, 9M)
Batting: RHB Tim James 0-0: Ball
1-0: Ball
2-0: Foul Ball, location: 2F
2-1: Foul Ball, location: 2F
2-2: Foul Ball, location: 2F
2-2: Ball
3-2: Base on Balls
Ricky White to second
Batting: LHB Carlos Romero 0-0: SINGLE (Line Drive, 56)
Ricky White to third
Tim James to second
Batting: LHB Myles Hay 0-0: Called Strike
0-1: Fly out, F5 (Popup, 15)
Batting: RHB Frank Maxwell 0-0: Called Strike
0-1: Ball
1-1: Ball
2-1: Foul Ball, location: 2F
2-2: Foul Ball, location: 2F
2-2: Ball
3-2: Foul Ball, location: 2F
3-2: Fly out, F9 (Line Drive, 9M)
Runner from 3rd tags up, SCORES, no throw
Batting: RHB Phil Kennedy 0-0: Ball
1-0: 3-RUN HOME RUN (Flyball, 78XD), Distance : 375 ft
Batting: LHB Karl Hill 0-0: Ball
1-0: SINGLE (Groundball, 34)
Batting: RHB Phil McJannett 0-0: Ball
1-0: Called Strike
1-1: Ball
2-1: Ball
3-1: Base on Balls
Karl Hill to second
Batting: RHB Brian Gamble 0-0: Ball
1-0: Fielders Choice at 2nd, 6-4 (Groundball, 6)
Top of the 2nd over - 4 run(s), 4 hit(s), 0 error(s), 1 left on base; Kentucky 6 - Oklahoma State 0
BOTTOM OF THE 2ND
Oklahoma State Cowboys batting - Pitching for Kentucky Wildcats : LHP Alberto Jiménez
Batting: SHB John Hill 0-0: Ball
1-0: Swinging Strike
1-1: Ball
2-1: Ball
3-1: Called Strike
3-2: SINGLE (Groundball, 6M)
Batting: RHB Earl Conrad 0-0: Called Strike
0-1: Ball
1-1: Foul Ball, location: 2F
1-2: Foul Ball, location: 2F
1-2: Ball
2-2: Ball
3-2: SINGLE (Groundball, 56D)
John Hill to second
Batting: LHB Kent Fremantle 0-0: Ball
1-0: Swinging Strike
1-1: Fielders Choice at 2nd, U4 (Groundball, 4)
John Hill to third
Batting: RHB Mark McCullough 0-0: SINGLE (Flyball, 9S)
John Hill scores
Kent Fremantle to second
Runner from 2nd tries for 3rd, SAFE, throw made to third
Batting: SHB Von Smith 0-0: Called Strike
0-1: SINGLE (Line Drive, 6MD)
Kent Fremantle scores
Mark McCullough to second
Batting: RHB Earnest Maldonado 0-0: Called Strike
0-1: Foul Ball, location: 2F
0-2: Strikes out swinging
Batting: RHB Mark Hart 0-0: Ball
1-0: Fly out, F3 (Popup, 3D)
Bottom of the 2nd over - 2 run(s), 4 hit(s), 0 error(s), 2 left on base; Kentucky 6 - Oklahoma State 2
TOP OF THE 3RD
Kentucky Wildcats batting - Pitching for Oklahoma State Cowboys : RHP Dawson Piper
Batting: RHB Ricky White 0-0: Ball
1-0: Ball
2-0: Fly out, F9 (Flyball, 9M)
Batting: RHB Tim James 0-0: Foul Ball, location: 2F
0-1: Ball
1-1: Called Strike
1-2: Ball
2-2: SINGLE (Groundball, 56)
Batting: LHB Carlos Romero 0-0: Ball
1-0: Ball
2-0: Called Strike
2-1: Ball
3-1: Called Strike
3-2: 2-RUN HOME RUN (Flyball, 9D), Distance : 343 ft
Pitching: LHP Aaron Green
Batting: LHB Myles Hay 0-0: Foul Ball, location: 2F
0-1: Ball
1-1: Ball
2-1: Foul Ball, location: 2F
2-2: Foul Ball, location: 2F
2-2: Foul Ball, location: 2F
2-2: Strikes out swinging
Batting: RHB Frank Maxwell 0-0: Ball
1-0: Foul Ball, location: 2F
1-1: Swinging Strike
1-2: Foul Ball, location: 2F
1-2: Ball
2-2: Foul Ball, location: 2F
2-2: Ball
3-2: Foul Ball, location: 2F
3-2: Strikes out looking
Top of the 3rd over - 2 run(s), 2 hit(s), 0 error(s), 0 left on base; Kentucky 8 - Oklahoma State 2
BOTTOM OF THE 3RD
Oklahoma State Cowboys batting - Pitching for Kentucky Wildcats : LHP Alberto Jiménez
Batting: RHB Mike Johnson 0-0: Ball
1-0: Ground out 1-3 (Groundball, 13S)
Batting: RHB Roberto García 0-0: Ball
1-0: Ball
2-0: Ball
3-0: Base on Balls
Batting: SHB John Hill 0-0: Foul Ball, location: 2F
0-1: Ball
1-1: DOUBLE (Groundball, 5L)
Roberto García to third
Batting: RHB Earl Conrad 0-0: Ball
1-0: Foul Ball, location: 2F
1-1: Ball
2-1: Ball
3-1: Called Strike
3-2: Base on Balls
Batting: LHB Kent Fremantle 0-0: Ball
1-0: Ball
2-0: Foul Ball, location: 2F
2-1: Foul Ball, location: 2F
2-2: Ball
3-2: Fielders Choice at 2nd, 4-6 (Groundball, 4)
Roberto García scores
John Hill to third
Batting: RHB Mark McCullough 0-0: Ball
1-0: SINGLE (Groundball, 34D)
John Hill scores
Kent Fremantle to second
Runner from 2nd tries for 3rd, SAFE, no throw or cutoff
Batting: SHB Von Smith 0-0: Ground out 4-3 (Groundball, 4)
Bottom of the 3rd over - 2 run(s), 2 hit(s), 0 error(s), 2 left on base; Kentucky 8 - Oklahoma State 4
TOP OF THE 4TH
Kentucky Wildcats batting - Pitching for Oklahoma State Cowboys : LHP Aaron Green
Batting: RHB Phil Kennedy 0-0: Ball
1-0: Ball
2-0: Foul Ball, location: 2F
2-1: Called Strike
2-2: Ground out 6-3 (Groundball, 6)
Batting: LHB Karl Hill 0-0: Called Strike
0-1: Called Strike
0-2: Strikes out swinging
Batting: RHB Phil McJannett 0-0: Called Strike
0-1: Foul Ball, location: 2F
0-2: Ball
1-2: SINGLE (Line Drive, 6)
Batting: RHB Brian Gamble 0-0: Ball
1-0: Called Strike
1-1: Ball
2-1: Called Strike
2-2: Foul Ball, location: 2F
2-2: Foul Ball, location: 2F
2-2: Ball
3-2: Base on Balls
Phil McJannett to second
Batting: RHB Ricky White 0-0: Ball
1-0: Called Strike
1-1: Ball
2-1: Called Strike
2-2: DOUBLE (Line Drive, 5D)
Phil McJannett scores
Brian Gamble to third
Batting: RHB Tim James 0-0: Ball
1-0: Called Strike
1-1: Ball
2-1: Reached on error, E3 (Groundball, 3)
Brian Gamble scores
Ricky White to third
Batting: LHB Carlos Romero 0-0: Called Strike
0-1: Swinging Strike
0-2: Strikes out looking
Top of the 4th over - 2 run(s), 2 hit(s), 1 error(s), 2 left on base; Kentucky 10 - Oklahoma State 4
BOTTOM OF THE 4TH
Oklahoma State Cowboys batting - Pitching for Kentucky Wildcats : LHP Alberto Jiménez
Batting: RHB Earnest Maldonado 0-0: Called Strike
0-1: Ball
1-1: Foul Ball, location: 2F
1-2: Strikes out looking
Batting: RHB Mark Hart 0-0: Fly out, F4 (Popup, 4D)
Batting: RHB Mike Johnson 0-0: Ball
1-0: Called Strike
1-1: Reached on Error, E8 (Line Drive, 8LS)
Batting: RHB Roberto García 0-0: Foul Ball, location: 2F
0-1: Ball
1-1: Swinging Strike
1-2: Ball
2-2: SINGLE (Line Drive, 8LS)
Mike Johnson to third
Runner from 3rd tries for Home, SAFE, no throw or cutoff
Batting: SHB John Hill 0-0: Ball
1-0: Ball
2-0: Ball
3-0: Swinging Strike
3-1: Base on Balls
Roberto García to second
Batting: RHB Earl Conrad 0-0: Called Strike
0-1: Ball
Wild Pitch!
Roberto García to third
John Hill to second
1-1: Ball
2-1: Ball
3-1: Base on Balls
Batting: LHB Kent Fremantle 0-0: Called Strike
0-1: Ball
1-1: Foul Ball, location: 2F
1-2: DOUBLE (Line Drive, 8RM)
Roberto García scores
John Hill scores
Earl Conrad to third
Runner from 3rd tries for Home, SAFE, no throw or cutoff
Pitching: RHP Kyle Kendall
Batting: RHB Mark McCullough 0-0: Ball
1-0: Swinging Strike
1-1: Ground out 3-1 (Groundball, 34)
Bottom of the 4th over - 4 run(s), 2 hit(s), 1 error(s), 1 left on base; Kentucky 10 - Oklahoma State 8
TOP OF THE 5TH
Kentucky Wildcats batting - Pitching for Oklahoma State Cowboys : LHP Aaron Green
Batting: LHB Myles Hay 0-0: SOLO HOME RUN (Flyball, 89XD), Distance : 383 ft
Batting: RHB Frank Maxwell 0-0: Swinging Strike
0-1: Swinging Strike
0-2: Foul Ball, location: 2F
0-2: Foul Ball, location: 2F
0-2: Foul Ball, location: 2F
0-2: Ball
1-2: Foul Ball, location: 2F
1-2: Ball
2-2: SINGLE (Line Drive, 89S)
Pitching: RHP Rod Pittman
Batting: RHB Phil Kennedy 0-0: Ball
1-0: Fly out, F2 (Popup, 13S)
Batting: LHB Karl Hill 0-0: Fly out, F6 (Popup, 6MD)
Batting: RHB Phil McJannett 0-0: Ball
1-0: Ball
2-0: Ball
3-0: Called Strike
3-1: Base on Balls
Frank Maxwell to second
Batting: RHB Brian Gamble 0-0: Called Strike
0-1: Swinging Strike
0-2: Ball
1-2: Ball
2-2: Strikes out swinging
Top of the 5th over - 1 run(s), 2 hit(s), 0 error(s), 2 left on base; Kentucky 11 - Oklahoma State 8
BOTTOM OF THE 5TH
Oklahoma State Cowboys batting - Pitching for Kentucky Wildcats : RHP Kyle Kendall
Batting: SHB Von Smith 0-0: Swinging Strike
0-1: Ball
1-1: Ball
2-1: Foul Ball, location: 2F
2-2: Strikes out swinging
Batting: RHB Earnest Maldonado 0-0: Ball
1-0: SINGLE (Line Drive, 4D)
Batting: RHB Mark Hart 0-0: Ball
1-0: Called Strike
1-1: Called Strike
1-2: Strikes out swinging
Batting: RHB Mike Johnson 0-0: Ball
1-0: DOUBLE (Line Drive, 7LM)
Earnest Maldonado to third
Batting: RHB Roberto García 0-0: Ball
1-0: Ball
2-0: Called Strike
2-1: SINGLE (Groundball, 4MD)
Earnest Maldonado scores
Mike Johnson to third
Runner from 3rd tries for Home, SAFE, no throw or cutoff
Batting: SHB John Hill 0-0: Called Strike
0-1: Foul Ball, location: 2F
0-2: Ball
1-2: Ball
2-2: Ground out U3 (Groundball, 3S)
Bottom of the 5th over - 2 run(s), 3 hit(s), 0 error(s), 1 left on base; Kentucky 11 - Oklahoma State 10
TOP OF THE 6TH
Kentucky Wildcats batting - Pitching for Oklahoma State Cowboys : RHP Rod Pittman
Batting: RHB Ricky White 0-0: Ball
1-0: Ball
2-0: Ground out 1-3 (Groundball, 25)
Batting: RHB Tim James 0-0: Called Strike
0-1: Swinging Strike
0-2: Strikes out looking
Batting: LHB Carlos Romero 0-0: Called Strike
0-1: Called Strike
0-2: Ball
1-2: SINGLE (Groundball, 4MD)
Batting: LHB Myles Hay 0-0: Fly out, F6 (Popup, 6D)
Top of the 6th over - 0 run(s), 1 hit(s), 0 error(s), 1 left on base; Kentucky 11 - Oklahoma State 10
BOTTOM OF THE 6TH
Oklahoma State Cowboys batting - Pitching for Kentucky Wildcats : RHP Kyle Kendall
Batting: RHB Earl Conrad 0-0: Called Strike
0-1: Ball
1-1: Foul Ball, location: 2F
1-2: Strikes out swinging
Batting: LHB Kent Fremantle 0-0: Called Strike
0-1: Ball
1-1: Foul Ball, location: 2F
1-2: Ball
2-2: Ball
3-2: Strikes out swinging
Batting: RHB Mark McCullough 0-0: Called Strike
0-1: Ball
1-1: Called Strike
1-2: TRIPLE (Line Drive, 89M)
Batting: SHB Von Smith 0-0: Ball
1-0: Ground out 6-3 (Groundball, 6M)
Bottom of the 6th over - 0 run(s), 1 hit(s), 0 error(s), 1 left on base; Kentucky 11 - Oklahoma State 10
TOP OF THE 7TH
Kentucky Wildcats batting - Pitching for Oklahoma State Cowboys : RHP Rod Pittman
Pitching: RHP Mark Osborne
Batting: RHB Frank Maxwell 0-0: Foul Ball, location: 2F
0-1: Ball
1-1: Ball
2-1: Called Strike
2-2: Ground out 6-3 (Groundball, 6M)
Batting: RHB Phil Kennedy 0-0: SINGLE (Flyball, 89S)
Batting: LHB Karl Hill 0-0: 2-RUN HOME RUN (Flyball, 89XD), Distance : 365 ft
Batting: RHB Phil McJannett 0-0: Ball
1-0: Foul Ball, location: 2F
1-1: Ball
2-1: Called Strike
2-2: SINGLE (Line Drive, 89S)
Batting: RHB Brian Gamble 0-0: Ball
1-0: Swinging Strike
1-1: Swinging Strike
1-2: Ball
2-2: Strikes out swinging
Batting: RHB Ricky White 0-0: Ball
1-0: Foul Ball, location: 2F
1-1: Foul Ball, location: 2F
1-2: SINGLE (Groundball, 34D)
Phil McJannett to second
Runner from 2nd tries for 3rd, SAFE, no throw or cutoff
Batting: RHB Tim James 0-0: Ball
1-0: Swinging Strike
1-1: Ball
2-1: Ball
3-1: Base on Balls
Ricky White to second
Batting: LHB Carlos Romero 0-0: Ball
1-0: Foul Ball, location: 2F
1-1: Swinging Strike
1-2: Ball
2-2: Strikes out swinging
Top of the 7th over - 2 run(s), 4 hit(s), 0 error(s), 3 left on base; Kentucky 13 - Oklahoma State 10
BOTTOM OF THE 7TH
Oklahoma State Cowboys batting - Pitching for Kentucky Wildcats : RHP Kyle Kendall
Pitching: RHP Ismael Ortíz
Batting: RHB Earnest Maldonado 0-0: Called Strike
0-1: Foul Ball, location: 2F
0-2: Ball
1-2: Ball
2-2: Ball
3-2: Base on Balls
Batting: RHB Mark Hart 0-0: Ball
1-0: Swinging Strike
1-1: Foul Ball, location: 2F
1-2: Fly out, F7 (Flyball, 7D)
Batting: RHB Mike Johnson 0-0: Ball
Single, Error in OF, E7, batter to second base
Earnest Maldonado to third
Batting: RHB Roberto García 0-0: Foul Ball, location: 2F
0-1: Ball
1-1: Swinging Strike
1-2: Ball
2-2: Strikes out swinging
Batting: SHB John Hill 0-0: Ground out 6-3 (Groundball, 6M)
Bottom of the 7th over - 0 run(s), 1 hit(s), 1 error(s), 2 left on base; Kentucky 13 - Oklahoma State 10
TOP OF THE 8TH
Kentucky Wildcats batting - Pitching for Oklahoma State Cowboys : RHP Mark Osborne
Batting: LHB Myles Hay 0-0: Ball
1-0: Foul Ball, location: 2F
1-1: Ball
2-1: Swinging Strike
2-2: Strikes out swinging
Batting: RHB Frank Maxwell 0-0: Ball
1-0: Foul Ball, location: 2F
1-1: Called Strike
1-2: SINGLE (Line Drive, 8RS)
Batting: RHB Phil Kennedy 0-0: Ball
1-0: Foul Ball, location: 2F
1-1: Ball
2-1: Fly out, F7 (Flyball, 78M)
Batting: LHB Karl Hill 0-0: Ball
1-0: Ball
2-0: Called Strike
2-1: Ball
3-1: Base on Balls
Frank Maxwell to second
Batting: RHB Phil McJannett 0-0: Called Strike
0-1: Ball
1-1: Ball
2-1: Ground out 5-3 (Groundball, 15S)
Top of the 8th over - 0 run(s), 1 hit(s), 0 error(s), 2 left on base; Kentucky 13 - Oklahoma State 10
BOTTOM OF THE 8TH
Oklahoma State Cowboys batting - Pitching for Kentucky Wildcats : RHP Ismael Ortíz
Now at C: Eddie Higgins
Batting: RHB Earl Conrad 0-0: Ball
1-0: Swinging Strike
1-1: SOLO HOME RUN (Flyball, 78XD), Distance : 389 ft
Batting: LHB Kent Fremantle 0-0: Ball
1-0: Ball
2-0: Called Strike
2-1: Ball
3-1: Called Strike
3-2: Base on Balls
Batting: RHB Mark McCullough 0-0: Fly out, F3 (Popup, 3SF)
Batting: SHB Von Smith 0-0: SINGLE (Groundball, 3)
Kent Fremantle to second
Runner from 2nd tries for 3rd, SAFE, throw made to third
Von Smith to second
Batting: RHB Earnest Maldonado 0-0: Ball
1-0: Fly out, F4 (Line Drive, 4)
1-0: Fly out, F4 (Line Drive, 4)
Batting: RHB Mark Hart 0-0: Ball
1-0: Swinging Strike
1-1: Called Strike
1-2: Ball
Wild Pitch!
Kent Fremantle scores
Von Smith to third
2-2: Ball
3-2: Foul Ball, location: 2F
3-2: Strikes out swinging
Bottom of the 8th over - 2 run(s), 2 hit(s), 0 error(s), 1 left on base; Kentucky 13 - Oklahoma State 12
TOP OF THE 9TH
Kentucky Wildcats batting - Pitching for Oklahoma State Cowboys : RHP Mark Osborne
Pitching: RHP Todd Brewster
Batting: RHB Brian Gamble 0-0: Ball
1-0: Called Strike
1-1: Foul Ball, location: 2F
1-2: Strikes out swinging
Batting: RHB Ricky White 0-0: Ball
1-0: Ball
2-0: SINGLE (Line Drive, 8LS)
Pinch Hitting: SHB Matt Wells 0-0: Fielders Choice at 2nd, 4-6 (Groundball, 34)
Pinch Hitting: RHB Jerry Gentry 0-0: Foul Ball, location: 2F
0-1: Ball
1-1: SINGLE (Line Drive, 4D)
Matt Wells to second
Runner from 2nd tries for 3rd, SAFE, throw made to third
Jerry Gentry to second
Batting: LHB Myles Hay 0-0: Ball
1-0: Foul Ball, location: 2F
1-1: Ball
2-1: Ball
3-1: Foul Ball, location: 2F
3-2: Base on Balls
Batting: RHB Frank Maxwell 0-0: Foul Ball, location: 2F
0-1: Called Strike
0-2: Ball
1-2: Ball
2-2: Fly out, F8 (Flyball, 8RS)
Top of the 9th over - 0 run(s), 2 hit(s), 0 error(s), 3 left on base; Kentucky 13 - Oklahoma State 12
BOTTOM OF THE 9TH
Oklahoma State Cowboys batting - Pitching for Kentucky Wildcats : RHP Ismael Ortíz
Pitching: RHP Charles Jackson
Now at 2B: Jack Sweet
Now at 3B: Jerry Gentry
Batting: RHB Mike Johnson 0-0: Ball
1-0: Reached on error, E6 (Groundball, 6)
Batting: RHB Roberto García 0-0: Called Strike
0-1: Ball
1-1: Ball
2-1: Ball
3-1: SINGLE (Groundball, 56D)
Mike Johnson to third
Batting: SHB John Hill 0-0: Called Strike
0-1: Ball
1-1: Ball
2-1: Ground out 4-3 (Groundball, 4MS)
Roberto García to second
Batting: RHB Earl Conrad 0-0: Ball
1-0: Ball
2-0: Ball
3-0: Base on Balls
Batting: LHB Kent Fremantle 0-0: Ball
1-0: Swinging Strike
1-1: Ball
2-1: SINGLE (Line Drive, 78S)
Mike Johnson scores
Roberto García to third
Earl Conrad to second
Batting: RHB Mark McCullough 0-0: Foul Ball, location: 2F
0-1: Foul Ball, location: 2F
0-2: Foul Ball, location: 2F
0-2: Ball
1-2: Strikes out swinging
Batting: SHB Von Smith 0-0: Ball
1-0: Swinging Strike
1-1: Ball
2-1: Ball
3-1: SINGLE (Line Drive, 8LS)
Roberto García scores
This league is powered by Out of the Park Baseball, the baseball management simulation game for PC, Mac and Linux
Wednesday, December 2nd, 2015 - OOTP Baseball 16.8 Build 38